 Dungeon Crawl Stone Soup version 0.25.0-45-g978344163c (webtiles) character file.

Game seed: 7785869987957168603

142 Gwenloh the Grasshopper (level 5, -1/34 HPs)
             Began as a Halfling Warper on July 11, 2020.
             Splashed by a jelly's acid (9 damage)
             ... on level 5 of the Dungeon.
             The game lasted 00:07:05 (1668 turns).

Gwenloh the Grasshopper (Halfling Warper)           Turns: 1668, Time: 00:07:07

Health: -1/34      AC:  0    Str: 12    XL:     5   Next: 49%
Magic:  8/8        EV: 14    Int: 12    God:
Gold:   57         SH:  0    Dex: 10    Spells: 4/8 levels left

rFire    . . .     SeeInvis .   a - +0 short sword
rCold    . . .     Gourm    .   (shield restricted)
rNeg     . . .     Faith    .   b - +1 leather armour
rPois    .         Spirit   .   (no helmet)
rElec    .         Reflect  .   (no cloak)
rCorr    .         Harm     .   (no gloves)
MR       .....                  (no boots)
Stlth    +.........             (no amulet)
HPRegen  0.11/turn              j - -4 ring of dexterity (curse)
MPRegen  0.11/turn              (no ring)

@: corroded, lightly drained
A: small, mutation resistance 1
a: no special abilities


You were on level 5 of the Dungeon.
You were very hungry.

You visited 1 branch of the dungeon, and saw 4 of its levels.

You collected 57 gold pieces.

Inventory:

Hand Weapons
 a - a +0 short sword (weapon)
Missiles
 e - a boomerang of dispersal (quivered)
 h - 33 poisoned darts
 i - 3 stones
Armour
 b - a +1 leather armour (worn)
Jewellery
 j - a cursed -4 ring of dexterity (left hand)
Scrolls
 c - 2 scrolls of amnesia
 d - a scroll of blinking
Potions
 g - a potion of magic {unknown}
 l - a potion of haste {unknown}
Comestibles
 f - 4 rations


   Skills:
 + Level 2.2 Fighting
 + Level 3.1 Short Blades
 + Level 1.8 Throwing
 + Level 2.0(1.9) Armour
 + Level 2.8(2.7) Dodging
 + Level 2.0 Spellcasting
 + Level 1.3 Charms
 * Level 4.0 Translocations


You had 4 spell levels left.
You knew the following spells:

 Your Spells              Type           Power        Failure   Level  Hunger
a - Blink                 Tloc           N/A          10%         2    ###....
b - Shroud of Golubria    Chrm/Tloc      #.....       19%         2    ###....

Your spell library contained the following spells:

 Spells                   Type           Power        Failure   Level  Hunger
 Gell's Gravitas          Tloc           ##........   21%         3    ####...
 Lesser Beckoning         Tloc           ##........   21%         3    ####...
 Teleport Other           Tloc           ##......     21%         3    ####...
 Passage of Golubria      Tloc           N/A          54%         4    #####..


Dungeon Overview and Level Annotations

Branches:
Dungeon (5/15)
 Temple: D:4-7

Altars:
Ashenzari

Annotations:
D:4 1 transporter


Innate Abilities, Weirdness & Mutations

You are small and have problems with some larger weapons.
You are somewhat resistant to further mutation.


Message History

2 wights come into view.
A wight is wielding a +2 war axe of freezing.
The jelly quivers.
The jelly hits you but does no damage.
You hit the jelly. The acid corrodes you!
Your hands burn!
The jelly is lightly wounded.
The jelly hits you.
You are splashed with acid!
You hit the jelly.
Your hands burn!
The jelly is moderately wounded.
The jelly hits you.
You are splashed with acid!
You hit the jelly.
Your hands burn!
The jelly is severely wounded.
The jelly closely misses you.
You hit the jelly.
Your hands burn!
* * * LOW HITPOINT WARNING * * *
The jelly is almost dead.
The jelly hits you.
* * * LOW HITPOINT WARNING * * *
You are splashed with acid!
You die...

#.##### .. ......##### ..
..#.......# #. #.#.......# # #.
#.#J......# ### #. #.
#.#@......# #.#
#.#..#.#####.#.......# #.#
#....................# #.#
.#%...z###...######.# #.#
........# #...######.# #.#
#.#.....####.###<....# #.#
...................#.######.###
#.#............................
# #.zz..#.##.###.###.######.###


You could see a jelly.

Vanquished Creatures
  A wight (D:5)
  2 worker ants (D:5)
  2 adders
  An ooze (D:2)
  An orc (D:5)
  4 giant cockroaches (D:1)
  3 goblins (D:1)
  A hobgoblin (D:1)
  A jackal (D:5)
  4 bats (D:1)
  5 frilled lizards
  A kobold (D:1)
  5 rats
31 creatures vanquished.

Notes
Turn   | Place    | Note
-------+----------+-------------------------------------------
     0 | D:1      | Gwenloh the Halfling Warper began the quest for the Orb.
     0 | D:1      | Reached XP level 1. HP: 14/14 MP: 3/3
   241 | D:1      | Reached XP level 2. HP: 19/19 MP: 4/4
   245 | D:1      | Learned a level 2 spell: Blink
   248 | D:1      | Learned a level 2 spell: Shroud of Golubria
   924 | D:2      | Reached XP level 3. HP: 24/24 MP: 5/5
   961 | D:2      | Found a shattered altar of Ashenzari.
  1003 | D:2      | You fall into a shaft and drop 2 floors!
  1020 | D:4      | Found a transporter.
  1035 | D:5      | Entered Level 5 of the Dungeon
  1196 | D:5      | Reached XP level 4. HP: 20/29 MP: 6/6
  1286 | D:5      | Reached skill level 1 in Charms
  1339 | D:5      | Reached skill level 4 in Translocations
  1339 | D:5      | Reached XP level 5. HP: 15/34 MP: 8/8
  1668 | D:5      | Splashed by a jelly's acid

Illustrated notes

Levels and vault maps discovered:
D:1:      enne_arrival_octagon_isle, layout_loops_cross
D:2:      layout_basic, old_standard_altar, evilmike_ruin_ashenzari,
          chequers_serial_rivers_room_b, st_stairs_13,
          nemelex_diamond_rough_becter
D:4:      gammafunk_wand_slinger, layout_rooms, serial_shops,
          nicolae_shop_behind_doors, first_ration
D:5:      layout_basic

Skill      XL: |  1  2  3  4 |
---------------+-------------+-----
Fighting       | 2 |  2.2
Short Blades   | 3 |  3.1
Spellcasting   | 2 |  2.0
Charms         | 1 |  1.3
Armour         | 2 |  2.0
Translocations | 4 |  4.0
Throwing       | |  1.8
Dodging        | |  2.8

Action                   |  1- 3 |  4- 6 || total
-------------------------+-------+-------++-------
Melee: Short sword       |   106 |    21 ||   127
Throw: Dart              |    20 |     3 ||    23
       Boomerang         |       |     4 ||     4
  Use: Scroll            |     2 |       ||     2
  Eat: Chunk             |     1 |       ||     1
Armor: Leather armour    |    29 |     2 ||    31
Dodge: Dodged            |    80 |    14 ||    94
